 Dungeon Crawl Stone Soup version 0.31.0-1-g2c135a0 (webtiles) character file.

Game seed: 969756051822704691

796 bonegar the Magician (level 7, -6/36 HPs)
             Began as a Deep Elf Hedge Wizard on Mar 25, 2024.
             Was a Follower of Vehumet.
             Mangled by a two-headed ogre
             ... wielding a +0 giant spiked club
              (22 damage)
             ... on level 6 of the Dungeon on Mar 31, 2024.
             The game lasted 01:31:29 (5539 turns).

bonegar the Magician (Deep Elf Hedge Wizard)        Turns: 5539, Time: 01:31:30

Health: -6/36      AC: 11    Str:  7    XL:     7   Next: 58%
Magic:  11/18      EV: 14    Int: 21    God:    Vehumet [*.....]
Gold:   274        SH:  0    Dex: 17    Spells: 5/18 levels left

rFire   . . .        x - +0 dagger (protect)
rCold   + . .        (no shield)
rNeg    . . .        b - +0 robe
rPois   .            c - +0 hat
rElec   .            (no cloak)
rCorr   .            (no gloves)
SInv    .            t - +1 pair of boots of Free Expression {Dex+3}
Will    .....        (no amulet)
Stlth   +++          A - ring of protection from cold
HPRegen 0.26/turn    (no ring)
MPRegen 0.16/turn

%: no passive effects
@: under a protective aura, very slightly contaminated
A: no striking features
a: Renounce Religion


You were on level 6 of the Dungeon.
You worshipped Vehumet.
Vehumet was aware of your devotion.
You visited 1 branch of the dungeon, and saw 6 of its levels.

You collected 274 gold pieces.

Inventory:

Hand Weapons
 a - a +0 dagger
 j - a +0 dagger of holy wrath
 w - a +2 heavy spear
 x - a +0 dagger of protection (weapon)
 y - a +0 whip of distortion
Armour
 b - a +0 robe (worn)
 c - a +0 hat (worn)
 g - a +3 leather armour
 t - the +1 pair of boots of Free Expression (worn) {Dex+3}
   (You found it on level 3 of the Dungeon)

   Dex+3:     It affects your dexterity (+3).
Jewellery
 A - a ring of protection from cold (left hand)
Talismans
 i - a beast talisman
Scrolls
 d - a scroll of poison
 f - a scroll of enchant weapon {unknown}
 h - a scroll of immolation {unknown}
 k - a scroll of enchant armour {unknown}
 n - a scroll of fear {unknown}
 o - 2 scrolls of fog
 q - a scroll of teleportation
 u - 2 scrolls of butterflies {unknown}
 v - a scroll of torment {unknown}
 z - a scroll of vulnerability {unknown}
Potions
 e - a potion of magic
 l - 2 potions of mutation {unknown}
 m - a potion of brilliance {unknown}
 p - 3 potions of attraction
 r - a potion of lignification {unknown}
 s - a potion of enlightenment


   Skills:
 + Level 2.7 Short Blades
 + Level 4.4 Dodging
 + Level 4.6 Stealth
 + Level 6.1 Spellcasting
 + Level 3.5 Conjurations
 + Level 0.6 Hexes
 + Level 3.4 Summonings
 + Level 3.6 Translocations


You had 5 spell levels left.
You knew the following spells:

 Your Spells              Type           Power      Damage    Failure   Level
a - Magic Dart            Conj           84%        1d7       2%          1
b - Slow                  Hex            36%        N/A       8%          1
c - Call Imp              Summ           42%        N/A       3%          2
d - Blink                 Tloc           42%        N/A       3%          2
e - Summon Blazeheart Go  Fire/Summ      13%        N/A       43%         4
f - Summon Ice Beast      Ice/Summ       13%        N/A       14%         3

Your spell library contained the following spells:

 Spells                   Type           Power      Damage    Failure   Level
 Kiss of Death            Conj/Necr      52%        2d9       4%          1
 Summon Small Mammal      Summ           84%        N/A       2%          1
 Call Canine Familiar     Summ           21%        N/A       7%          3
 Cigotuvi's Dreadful Rot  Necr/Alch/Air  12%        N/A       14%         2
 Mephitic Cloud           Conj/Alch/Air  11%        N/A       19%         3
 Tukima's Dance           Hex            9%         N/A       22%         3
 Iskenderun's Mystic Bla  Conj/Tloc      21%        2d6       22%         4
 Dimensional Bullseye     Hex/Tloc       7%         N/A       36%         4
 Summon Mana Viper        Hex/Summ       15%        N/A       75%         5
 Monstrous Menagerie      Summ           10%        N/A       100%        7


Dungeon Overview and Level Annotations

Branches:
Dungeon (6/15)             Temple (0/1) D:5

Altars:
Nemelex Xobeh
Qazlal
Ru
Trog
Uskayaw
Vehumet

Annotations:
D:5 2 runed translucent doors, mushindo's ghost, novice GnCK


Message History

Confirm with . or Enter, or press ? or * to list all spells.
You miscast Call Imp.
You are very lightly contaminated with residual magic.
Nothing appears to happen.
Casting: Call Imp (safe; 3% risk of failure)
Confirm with . or Enter, or press ? or * to list all spells.
A tiny devil pulls itself out of the air.
Casting: Call Imp (safe; 3% risk of failure)
Confirm with . or Enter, or press ? or * to list all spells.
Aiming: Slow (safe; 8% risk of failure)
Press: ? - help, Shift-Dir - straight line, f - two-headed ogre
Aim: a two-headed ogre, wielding two +0 giant spiked clubs (ally target, chance to affect: 26%)
The two-headed ogre seems to slow down.
Your cerulean imp closely misses the two-headed ogre.
Your cerulean imp barely misses the two-headed ogre.
Your ice beast hits the two-headed ogre.
Your ice beast freezes the two-headed ogre.
You hit the two-headed ogre.
Your weapon exudes an aura of protection.
The two-headed ogre is moderately wounded.
You hit the two-headed ogre.
The two-headed ogre is moderately wounded.
Your ice beast hits the two-headed ogre but does no damage.
Your cerulean imp barely misses the two-headed ogre.
The two-headed ogre completely misses you.
The two-headed ogre misses you.
You hit the two-headed ogre but do no damage.
The two-headed ogre is moderately wounded.
Your ice beast hits the two-headed ogre but does no damage.
Your cerulean imp hits the two-headed ogre with a -2 spear.
You hit the two-headed ogre.
The two-headed ogre is moderately wounded.
Your cerulean imp hits the two-headed ogre but does no damage.
Your ice beast hits the two-headed ogre.
Your ice beast freezes the two-headed ogre.
The two-headed ogre hits you with a +0 giant spiked club!!
Ouch! That really hurt!
The two-headed ogre hits you with a +0 giant spiked club!!
Ouch! That really hurt!
You die...

...............
...............
...............
...............
...............
...............
.......Y.......
########O.......
.......#@5.....#
.......#.......#
.......#....(..#
.......#.......#
.......#.......#
.......'.......#
.......#.......#
.......#.......#
.......#.......#


You could see a two-headed ogre (slow, ally target), a friendly ice beast
(summoned) and a friendly cerulean imp (summoned).

Vanquished Creatures
  A phantom (D:5)
  A scorpion (D:4)
  An orc wizard (D:5)
  An iguana (D:4)
  3 gnolls (D:5)
  3 adders (D:3)
  A dart slug (D:2)
  2 ribbon worms
  3 orcs
  7 ball pythons
  9 endoplasms
  A giant cockroach (D:1)
  10 goblins
  2 hobgoblins (D:2)
  6 jackals
  7 kobolds
  2 quokkas
  A bat (D:2)
  4 rats
65 creatures vanquished.

Vanquished Creatures (collateral kills)
  An ogre (D:4)
  2 scorpions (D:5)
  3 hounds
  4 iguanas
  2 orc wizards (D:5)
  A gnoll (D:5)
  An adder (D:5)
  10 orcs
  3 endoplasms
  A hobgoblin (D:4)
  3 jackals (D:2)
  A ball python (D:3)
  2 kobolds
  A rat (D:3)
35 creatures vanquished.

Grand Total: 100 creatures vanquished

Notes
Turn   | Place    | Note
-------+----------+-------------------------------------------
     0 | D:1      | bonegar the Deep Elf Hedge Wizard began the quest for the
                  | Orb.
     0 | D:1      | Reached XP level 1. HP: 10/10 MP: 7/7
   154 | D:1      | Learned a level 1 spell: Slow
   176 | D:1      | Reached XP level 2. HP: 15/15 MP: 5/9
   335 | D:1      | Learned a level 2 spell: Call Imp
   338 | D:1      | Learned a level 2 spell: Blink
  1071 | D:1      | Reached XP level 3. HP: 19/19 MP: 6/11
  1438 | D:2      | Found a faded altar of an unknown god.
  1764 | D:3      | Identified the +1 pair of boots of Free Expression {Dex+3}
  1871 | D:3      | Found a stormy altar of Qazlal.
  1871 | D:3      | Found a hide-covered altar of Uskayaw.
  1871 | D:3      | Found a radiant altar of Vehumet.
  1873 | D:3      | Found a sparkling altar of Nemelex Xobeh.
  1984 | D:3      | Became a worshipper of Vehumet
  2104 | D:3      | Found a bloodstained altar of Trog.
  2164 | D:3      | Reached XP level 4. HP: 17/24 MP: 1/12
  2459 | D:4      | Reached skill level 1 in Short Blades
  2492 | D:4      | Identified the +0 scale mail "Egheteer" {rPois}
  2758 | D:2      | Learned a level 4 spell: Summon Blazeheart Golem
  2807 | D:2      | Noticed a nameless horror
  2857 | D:2      | Found a sacrificial altar of Ru.
  2903 | D:3      | Reached skill level 5 in Spellcasting
  3037 | D:3      | Learned a level 3 spell: Summon Ice Beast
  3056 | D:4      | Noticed an ogre
  3065 | D:4      | Killed an ogre
  3066 | D:4      | Reached XP level 5. HP: 27/28 MP: 8/14
  3448 | D:4      | Reached XP level 6. HP: 32/32 MP: 8/16
  4005 | D:5      | Entered Level 5 of the Dungeon
  4231 | D:5      | Reached * piety under Vehumet
  4231 | D:5      | Offered knowledge of Kiss of Death by Vehumet.
  4338 | D:5      | Reached XP level 7. HP: 36/36 MP: 3/17
  4711 | D:5      | Found a large runed translucent door.
  4713 | D:5      | Found a large runed translucent door.
  4715 | D:5      | Noticed mushindo's ghost (novice GnCK)
  4724 | D:5      | Found a staircase to the Ecumenical Temple.
  4811 | D:5      | Reached skill level 6 in Spellcasting
  5530 | D:6      | Noticed a two-headed ogre
  5539 | D:6      | Mangled by a two-headed ogre

Illustrated notes

Levels and vault maps discovered:
D:1:      dpeg_arrival_rhombus, layout_basic, serial_bayou_pond_e,
          minmay_heptomino_h4
D:2:      layout_basic, hellmonk_ecumenical_altar_arch_garden, basic_altar
D:3:      layout_basic, bloody_trog, minitemple
D:4:      layout_basic
D:5:      layout_loops_ring, minmay_temple_entry_offerings,
          ebering_ghost_disaster_area
D:6:      layout_gridville

Skill      XL: |  1  2  3  4  5  6  7 |
---------------+----------------------+-----
Translocations | 2 3 |  3.6
Dodging        | 3 4 |  4.4
Conjurations   | 2 3 |  3.5
Stealth        | 3 4 |  4.6
Short Blades   | 1 2 |  2.7
Spellcasting   | 5 6 |  6.1
Summonings     | 2 3 |  3.4
Hexes          | |  0.6

Action                     |  1- 3 |  4- 6 |  7- 9 || total
---------------------------+-------+-------+-------++-------
  Melee: Dagger            |    61 |    40 |    28 ||   129
         Punch             |     2 |     2 |       ||     4
   Cast: Magic Dart        |    79 |    94 |    16 ||   189
         Slow              |     5 |    13 |     9 ||    27
         Call Imp          |    15 |     4 |     3 ||    22
         Blink             |     1 |       |       ||     1
         Summon Ice Beast  |       |    11 |    11 ||    22
    Use: Potion            |     3 |     5 |       ||     8
         Scroll            |     4 |     1 |     2 ||     7
   Stab: Distracted        |       |       |     1 ||     1
 Armour: Robe              |    36 |    30 |    13 ||    79
  Dodge: Dodged            |    65 |    30 |    18 ||   113
